 Dungeon Crawl Stone Soup version 0.20-a0-942-ga5226df (webtiles) character file.

10320 M4edhros the Covert (level 11, -5/77 HPs)
             Began as an Octopode Artificer on Mar 31, 2017.
             Was a High Priest of Fedhas.
             Slain by Urug
             ... wielding a +6 broad axe
              (39 damage)
             ... on level 10 of the Dungeon on Apr 1, 2017.
             The game lasted 00:23:41 (10478 turns).

M4edhros the Covert (Octopode Artificer)           Turns: 10478, Time: 00:23:41

Health: -5/77      AC:  4    Str: 12      XL:     11   Next: 60%
Magic:  16/16      EV: 15    Int: 11 (13) God:    Fedhas [*****.]
Gold:   372        SH: 14    Dex: 16      Spells: 10/10 levels left

rFire    + + .     SeeInvis .   q - +2 short sword (venom)
rCold    . . .     Gourm    .   H - +0 large shield
rNeg     . . .     Faith    .   T - +2 hat {MR+}
rPois    +         Spirit   .   h - amulet of harm
rElec    .         Reflect  .   j - ring of protection from fire
rCorr    .         Harm     +   C - ring of protection from fire
MR       +....                  I - ring of wizardry
Stlth    +++++++...             (no ring)
Regen    0.3/turn               (no ring)
MPRegen  0.2/turn               M - ring of poison resistance
                                (no ring)
                                (no ring)

@: no status effects
A: almost no armour, stealthy swim, amphibious, 8 rings, constrict 8, tentacle
spike 1, rugged brown scales 1, camouflage 1, deterioration 1, wild magic 1,
gelatinous body 1, evolution 1
a: Fungal Bloom, Evolution, Sunlight, Growth, Reproduction, Rain, Renounce
Religion


You were on level 10 of the Dungeon.
You worshipped Fedhas.
Fedhas was extremely pleased with you.
You were not hungry.

You visited 2 branches of the dungeon, and saw 11 of its levels.
You also visited: Sewer and Ossuary.

You collected 589 gold pieces.
You spent 217 gold pieces at shops.

Inventory:

Hand Weapons
 a - a +0 short sword
 q - a +2 short sword of venom (weapon)
 r - a +4 short sword
 S - a +1 morningstar of protection
 V - a +1 scimitar of flaming
Missiles
 k - 150 sling bullets
Armour
 H - a +0 large shield (worn)
 Q - a +0 buckler
 T - a +2 hat of magic resistance (worn)
Jewellery
 h - an amulet of harm (around mantle)
 j - a ring of protection from fire (left tentacle)
 C - a ring of protection from fire (right tentacle)
 G - an uncursed ring of teleportation
 I - a ring of wizardry (on tentacle)
 K - an uncursed ring of ice
 M - a ring of poison resistance (on tentacle)
 Y - an uncursed ring of wizardry
Wands
 b - a wand of flame (22/48)
 c - a wand of enslavement (10/24)
 d - a wand of random effects (0/48)
 g - a wand of confusion (8/48)
 n - a wand of flame (14/48)
 o - a wand of disintegration (2/24)
 P - a wand of polymorph (15/24)
 U - a wand of clouds (4/9)
Scrolls
 l - a scroll of recharging
 t - a scroll of remove curse
 v - a scroll of noise {unknown}
 y - 2 scrolls of fog {unknown}
 A - 2 scrolls of fear {unknown}
 B - 8 scrolls of identify
 E - 2 scrolls of teleportation {unknown}
 J - 3 scrolls of amnesia {unknown}
 N - 2 scrolls of enchant weapon {unknown}
 W - a scroll of holy word {unknown}
Potions
 e - 3 potions of haste {unknown}
 m - 4 potions of heal wounds
 p - 3 potions of brilliance {unknown}
 s - 4 potions of flight {unknown}
 u - 3 potions of lignification {unknown}
 x - 10 potions of curing {unknown}
 z - 4 potions of might {unknown}
 D - 4 potions of ambrosia {unknown}
 F - a potion of agility
 R - a potion of cancellation {unknown}
Books
 w - a book of Changes

   Spells                             Type                      Level
   a - Beastly Appendage              Transmutation                1
   b - Sticks to Snakes               Transmutation                2
   c - Spider Form                    Transmutation/Poison         3
   d - Ice Form                       Ice/Transmutation            4
   e - Blade Hands                    Transmutation                5
 L - a book of Misfortune

   Spells                             Type                      Level
   a - Confusing Touch                Hexes                        1
   b - Confuse                        Hexes                        3
   c - Gell's Gravitas                Translocation                3
   d - Petrify                        Transmutation/Earth          4
   e - Metabolic Englaciation         Hexes/Ice                    5
   f - Yara's Violent Unravelling     Hexes/Transmutation          5
 O - Sif Muna's Volume of Summoning
   (You found it on level 6 of the Dungeon)

   Spells                             Type                      Level
   a - Summon Butterflies             Summoning                    1
Comestibles
 f - 9 bread rations
 i - 17 fruits
 X - 4 meat rations


   Skills:
 + Level 7.2 Fighting
 - Level 1.0 Short Blades
 + Level 7.4 Dodging
 + Level 14.7 Stealth
 * Level 7.0 Shields
 + Level 7.8 Invocations
 - Level 3.2 Evocations


You had 10 spell levels left.
You didn't know any spells.

Dungeon Overview and Level Annotations

Branches:
Dungeon (10/15)            Temple (1/1) D:5
   Lair: D:8-11         Orc: D:9-12

Altars:
Ashenzari
Cheibriados
Dithmenos
Elyvilon
Fedhas
Gozag
Hepliaklqana
Kikubaaqudgha
Makhleb
Nemelex Xobeh
Okawaru
Qazlal
Ru
Sif Muna
Trog
Uskayaw
Vehumet
Wu Jian
Xom
Yredelemnul
Zin
The Shining One

Shops:
D:5 =   D:8 =%[   D:9 }

Annotations:
D:10 Urug


Innate Abilities, Weirdness & Mutations

You cannot wear most types of armour.
You are very stealthy in the water. (Stealth+)
You are amphibious.
You can wear up to eight rings at the same time.
You can use your tentacles to constrict eight enemies at once.
Your skin changes colour to match your surroundings (Stealth+).
Your rubbery body absorbs attacks. (AC +1, EV +1)
One of your tentacles bears a spike.
You are partially covered in rugged brown scales. (AC +1, +3% HP)
Your body sometimes deteriorates upon taking damage.
Your spells are a little harder to cast, but a little more powerful.
You evolve.


Message History

Urug hits the bush but does no damage.
You block Urug's attack.
Urug hits the bush but does no damage. x2
Urug hits the bush with an enchanted broad axe!
Urug completely misses the bush.
The necrophage hits the plant.
The plant looks less resilient!
The necrophage hits the plant but does no damage.
The adder zombie bites the plant but does no damage.
Something bites the plant but does no damage.
The hornet zombie hits the plant but does no damage.
The necrophage hits the plant but does no damage.
The necrophage hits the plant!
The necrophage hits the plant but does no damage.
You hit Urug but do no damage.
Urug looks as sick as possible!
You pierce Urug, but do no damage.
You squeeze Urug, but do no damage.
Urug is severely wounded.
You constrict Urug, but do no damage.
Urug hits you with an enchanted broad axe!!
Ouch! That really hurt!
You die...
Fedhas appreciates your contribution to the ecosystem.

..# #.#
#........).......
.)# #.#
#.##......ff..#..
P.# #.# #
#....f.#####..
..# #.#
########....#.#
#.. ### #.#
##......####f#.#
#.. #.# #..ZnnZ.
##.#.# ### #.#


#..PPPP ##..#.# ########.# #.PPPP####P###.# ......f..# #.PPo@.....†(..#
########## #.PPPP####P##### #..PPPP ### #....n.. ##......# ######## ############
#........... #.########## #.########.. You could see Urug (confused), 3
necrophages, an adder zombie and a hornet zombie.

Vanquished Creatures
  Harold (D:10)
  Erolcha (D:10)
  Erica (D:8)
  Pikel (D:5)
  Prince Ribbit (D:7)
  A hippogriff (D:8)
  A spriggan (D:8)
  A wyvern (D:10)
  6 yaks (D:9)
  Grum (D:8)
  2 steam dragons (D:10)
  Duvessa (D:4)
  3 orc warriors
  4 slaves (D:5)
  4 sky beasts
  An eye of draining (D:10)
  3 phantoms
  A wolf (D:8)
  4 centaurs
  A big kobold (D:6)
  5 bullfrogs
  Dowan (D:4)
  10 scorpions
  A water moccasin skeleton (D:9)
  7 killer bees (D:10)
  11 wights
  4 crimson imps
  4 hounds
  3 bullfrog skeletons
  4 orc priests
  A gnoll shaman (D:4)
  A jelly (D:10)
  9 orc wizards
  5 centaur skeletons
  Crazy Yiuf (D:3)
  Ijyb (D:4)
  A human skeleton (Ossuary)
  4 iguanas
  9 worker ants
  5 big kobold skeletons (Ossuary)
  A hound skeleton (D:9)
  2 mummies (Ossuary)
  10 adders
  6 gnolls
  3 shadow imps
  An adder zombie (D:7)
  3 adder skeletons
  3 worms
  3 dart slugs
  5 leopard geckos
  43 orcs
  6 giant cockroaches
  5 goblins
  9 hobgoblins
  17 jackals
  3 quokkas
  3 ball pythons
  8 bats
  11 frilled lizards
  A goblin skeleton (Ossuary)
  2 hobgoblin skeletons (Ossuary)
  A hobgoblin zombie (Ossuary)
  18 kobolds
  A kobold skeleton (Ossuary)
  A leopard gecko skeleton (D:5)
  An orc skeleton (Ossuary)
  2 quokka skeletons
  13 rats
308 creatures vanquished.

Vanquished Creatures (collateral kills)
  A two-headed ogre (D:8)
  The ghost of Banto the Spear-Bearer, a novice DsGl (Ossuary)
  A hungry ghost (D:7)
  A soldier ant (D:10)
  An orc warrior (D:7)
  2 ice beasts (D:6)
  3 wolves (D:8)
  A big kobold (D:8)
  2 scorpions (Ossuary)
  The ghost of M4edhros the Sneak, a weakling OpAr (D:3)
  A crimson imp (D:6)
  An orc wizard (D:7)
  A hound skeleton (D:7)
  A mummy (Ossuary)
  A shadow imp (D:8)
  2 orcs (D:8)
  A hobgoblin (D:3)
  A jackal (D:8)
  2 kobolds (D:8)
25 creatures vanquished.

Vanquished Creatures (others)
  A necrophage (D:8)
  An orc priest (D:10)
  A worker ant zombie (D:8)
  2 scorpion zombies (Ossuary)
  A wandering mushroom (D:8)
  259 toadstools
265 creatures vanquished.

Grand Total: 598 creatures vanquished

Notes
Turn   | Place    | Note
-------+----------+-------------------------------------------
     0 | D:1      | M4edhros the Octopode Artificer began the quest for the Orb.
     0 | D:1      | Reached XP level 1. HP: 13/13 MP: 3/3
    36 | D:1      | Reached skill level 2 in Stealth
    71 | D:1      | Reached skill level 3 in Stealth
    71 | D:1      | Reached XP level 2. HP: 13/18 MP: 4/4
   188 | D:2      | Reached skill level 4 in Stealth
   199 | D:2      | Reached XP level 3. HP: 13/23 MP: 5/5
   372 | D:2      | Reached skill level 5 in Stealth
   373 | D:2      | Found a shattered altar of Ashenzari.
   472 | D:3      | Reached XP level 4. HP: 13/28 MP: 6/6
   488 | D:3      | Reached skill level 6 in Stealth
   771 | D:4      | Reached XP level 5. HP: 26/33 MP: 7/7
   829 | D:4      | Reached skill level 7 in Stealth
  1154 | D:4      | Noticed Ijyb
  1161 | D:4      | Killed Ijyb
  1161 | D:4      | Reached skill level 8 in Stealth
  1194 | D:4      | Reached XP level 6. HP: 12/38 MP: 8/8
  1618 | D:4      | Noticed a phantom
  1638 | D:4      | Killed a phantom
  1638 | D:4      | Reached skill level 9 in Stealth
  1784 | D:4      | Noticed Duvessa
  1784 | D:4      | Noticed Dowan
  1801 | D:4      | Killed Duvessa
  1801 | D:4      | Reached skill level 10 in Stealth
  1801 | D:4      | Reached XP level 7. HP: 35/43 MP: 9/9
  1808 | D:4      | Killed Dowan
  2205 | D:4      | Reached skill level 11 in Stealth
  2435 | D:5      | Entered Level 5 of the Dungeon
  2475 | D:5      | Found a staircase to the Ecumenical Temple.
  2484 | Temple   | Entered the Ecumenical Temple
  2567 | Temple   | Became a worshipper of Xom of Many Doors
  2574 | Temple   | Fell from the grace of Xom
  2574 | Temple   | Became a worshipper of Fedhas Madash
  2694 | D:5      | Found a glowing drain.
  2705 | Sewer    | Entered a sewer
  2749 | Sewer    | XOM: confusion
  2852 | Sewer    | Reached * piety under Fedhas
  2981 | Sewer    | XOM: stat loss: -3 Str (9/12)
  3186 | D:5      | Found Iruqim's Jewellery Shoppe.
  3197 | D:5      | Found a glowing golden altar of the Shining One.
  3261 | D:5      | Noticed Pikel
  3934 | D:2      | Found a hazy altar of Hepliaklqana.
  4044 | D:2      | Found a sacrificial altar of Ru.
  4085 | D:2      | Reached ** piety under Fedhas
  4196 | D:2      | XOM: noise
  4451 | D:3      | Killed M4edhros's ghost
  4451 | D:3      | Reached XP level 8. HP: 17/48 MP: 10/10
  4476 | D:3      | Found a runed door.
  4644 | D:3      | Noticed Crazy Yiuf
  4648 | D:3      | Killed Crazy Yiuf
  4648 | D:3      | Reached skill level 12 in Stealth
  4669 | D:3      | XOM: mild Necr miscast
  4974 | D:3      | You fall through a shaft for 2 floors!
  5751 | D:5      | Reached skill level 1 in Invocations
  5780 | D:5      | Killed Pikel
  6168 | D:6      | Found a radiant altar of Vehumet.
  6172 | D:6      | Found an ancient bone altar of Kikubaaqudgha.
  6173 | D:6      | Found a deep blue altar of Sif Muna.
  6187 | D:6      | Identified Sif Muna's Volume of Summoning
  6231 | D:6      | XOM: polymorph wandering mushroom -> oklob plant
  6260 | D:6      | Reached XP level 9. HP: 47/57 MP: 11/11
  6266 | D:6      | Reached *** piety under Fedhas
  6423 | D:6      | Gained mutation: You are clumsy. (Dex -2) [mutagenic meat]
  6424 | D:6      | Gained mutation: You are partially covered in rugged brown scales. (AC +1, +3% HP) [mutagenic meat]
  6425 | D:6      | Gained mutation: Your muscles are strong. (Str +2) [mutagenic meat]
  6426 | D:6      | Lost mutation: Your muscles are strong. (Str +2) [mutagenic meat]
  6429 | D:6      | Lost mutation: You are clumsy. (Dex -2) [potion of mutation]
  6429 | D:6      | Gained mutation: You are clumsy. (Dex -2) [potion of mutation]
  6429 | D:6      | Gained mutation: You possess an exceptional clarity of mind. [potion of mutation]
  6429 | D:6      | Gained mutation: One of your tentacles bears a spike. [potion of mutation]
  6452 | D:6      | XOM: divination: detect creatures
  6469 | D:6      | Reached skill level 13 in Stealth
  6509 | D:6      | XOM: polymorph wandering mushroom -> wandering mushroom
  6561 | D:6      | XOM: polymorph wandering mushroom -> wandering mushroom
  6729 | D:7      | Found a sand-covered staircase.
  6742 | D:7      | Noticed Prince Ribbit
  6751 | D:7      | Killed Prince Ribbit
  6769 | D:7      | Reached skill level 5 in Dodging
  6869 | Ossuary  | Entered an ossuary
  6933 | Ossuary  | Reached skill level 5 in Invocations
  7185 | Ossuary  | XOM: harmless Conj miscast
  7187 | Ossuary  | Reached **** piety under Fedhas
  7244 | Ossuary  | Noticed Banto's ghost (novice DsGl)
  7261 | Ossuary  | Killed Banto's ghost
  7296 | Ossuary  | Reached skill level 5 in Fighting
  7386 | Ossuary  | XOM: noise
  7572 | D:7      | Reached XP level 10. HP: 23/67 MP: 14/14
  7685 | D:7      | Reached skill level 1 in Shields
  7957 | D:8      | Found Busas's Antique Armour Boutique.
  7963 | D:8      | Bought an embroidered hat for 217 gold pieces
  7987 | D:8      | XOM: medium Air miscast
  8025 | D:8      | XOM: noise
  8037 | D:8      | Found Biofisid's Jewellery Emporium.
  8045 | D:8      | Noticed Grum
  8052 | D:8      | HP: 1/67 [wolf[Grum] (9)]
  8083 | D:8      | Killed Grum
  8109 | D:8      | Reached ***** piety under Fedhas
  8284 | D:8      | Noticed Erica
  8286 | D:8      | Noticed a two-headed ogre
  8297 | D:8      | Killed a two-headed ogre
  8297 | D:8      | Reached skill level 14 in Stealth
  8399 | D:8      | XOM: polymorph wandering mushroom -> thorn hunter
  8630 | D:8      | XOM: swap monsters
  8648 | D:8      | Found Ysmellet's Food Boutique.
  8656 | D:8      | Found a stormy altar of Qazlal.
  8710 | D:8      | Killed Erica
  8742 | D:8      | Found a bloodstained altar of Trog.
  8851 | D:8      | Reached skill level 5 in Shields
  8951 | D:9      | Found an opulent altar of Gozag.
  9057 | D:9      | Found Qagiu's Gadget Boutique.
  9169 | D:9      | Reached XP level 11. HP: 75/75 MP: 16/16
  9381 | D:9      | XOM: medium Air miscast
  9509 | D:9      | Found a burning altar of Makhleb.
  9552 | D:9      | XOM: give mutations
  9552 | D:9      | Lost mutation: You are clumsy. (Dex -2) [Xom's mischief]
  9552 | D:9      | Gained mutation: Scrolls take you a little longer to read. [Xom's mischief]
  9552 | D:9      | Gained mutation: Your body sometimes deteriorates upon taking damage. [Xom's mischief]
  9561 | D:10     | Entered Level 10 of the Dungeon
  9781 | D:10     | XOM: give mutations
  9781 | D:10     | Gained mutation: You evolve. [Xom's mischief]
  9781 | D:10     | Lost mutation: You possess an exceptional clarity of mind. [Xom's mischief]
  9781 | D:10     | Gained mutation: Your spells are a little harder to cast, but a little more powerful. [Xom's mischief]
  9781 | D:10     | Lost mutation: Scrolls take you a little longer to read. [Xom's mischief]
  9987 | D:10     | Noticed Harold
  9995 | D:10     | Killed Harold
 10131 | D:10     | Noticed Erolcha
 10154 | D:10     | Killed Erolcha
 10236 | D:10     | XOM: mild Pois miscast
 10462 | D:10     | Found a blossoming altar of Fedhas.
 10462 | D:10     | Noticed Urug
 10478 | D:10     | Slain by Urug

Vault maps used:
D:1:      lightli_arrival_chessboard
D:2:      lemuel_doored_altar, nicolae_ru_path_of_blood,
          nicolae_ashenzari_panopticon
D:3:      mrwooster_statue_mirror, uniq_crazy_yiuf_cottage
D:4:      uniq_iyjb, uniq_duvessa
D:5:      tso_metal_star, minmay_temple_entry_glass, gup_sewer_entry_bubbles,
          first_bread, serial_shops,
          nicolae_shop_temple_entry_statues_fountains, uniq_pikel
D:6:      grunt_temple_overflow_magic_moments
D:7:      nicolae_ossuary_entry_false_entrances, uniq_prince_ribbit1
D:8:      bloody_trog, serial_shops, shop, shop, shop, basic_altar, the_bakery,
          kennysheep_generic_room_5, uniq_erica, uniq_grum
D:9:      grunt_gozag_breadcrumbs, basic_altar, serial_shops, shop
D:10:     kennysheep_steamy, fedhas_altar_decomposition, uniq_harold,
          uniq_erolcha, uniq_urug
Temple:   dshaligram_water_room_temple
Sewer:    sewer_co_scattered_pipes
Ossuary:  ossuary_minmay_scorpions

Skill      XL: |  1  2  3  4  5  6  7  8  9 10 11 |
---------------+----------------------------------+-----
Stealth        | 3 4 5 6 8 10 11 12 13 14 | 14.7
Invocations    | 3 5 7 |  7.8
Fighting       | 3 5 6 7 |  7.2
Dodging        | 4 5 6 7 |  7.4
Shields        | 5 7 |  7.0
Short Blades   | |  1.0
Evocations     | |  3.2

Action                   |  1- 3 |  4- 6 |  7- 9 | 10-12 || total
-------------------------+-------+-------+-------+-------++-------
Melee: Short sword       |    43 |    63 |   326 |   213 ||   645
       Constrict         |    10 |    12 |    67 |    51 ||   140
       Tentacles         |     8 |    15 |    45 |    59 ||   127
       Kick              |       |       |    29 |    83 ||   112
       Morningstar       |       |       |       |    56 ||    56
Invok: Fungal Bloom      |       |       |    71 |    39 ||   110
       Evolution         |       |       |     3 |     3 ||     6
       Sunlight          |       |       |       |     4 ||     4
Evoke: Wand              |     4 |    13 |    15 |    19 ||    51
  Use: Scroll            |       |     5 |     3 |       ||     8
       Potion            |       |       |     4 |     2 ||     6
 Stab: Sleeping          |     6 |     5 |    49 |    31 ||    91
       Distracted        |       |     2 |     3 |       ||     5
       Confused          |       |     1 |       |     4 ||     5
       Paralysed         |       |       |     1 |       ||     1
  Eat: Chunk             |       |     3 |     7 |       ||    10
       Bread ration      |       |       |     2 |     2 ||     4
       Royal jelly       |       |       |     2 |     1 ||     3
       Meat ration       |       |       |     1 |       ||     1
Armor: Skin              |     5 |     1 |    31 |    25 ||    62
Dodge: Dodged            |    20 |    35 |   174 |    90 ||   319
Block: Large shield      |       |       |       |   155 ||   155
